 Dungeon Sprint DCSS version 0.30-a0-862-g1aabd4f9c5 (webtiles) character file.

Game seed: 4393185875573106984

26 Demosthentine the Blocker (level 7, -9/63 HPs)
             Began as a Formicid Fighter on Mar 9, 2023.
             Was an Elder of Cheibriados.
             Mangled by Blork the orc
             ... wielding a +1 dire flail of protection
              (14 damage)
             ... in the Dungeon (Sprint VI: "Thunderdome").
             The game lasted 00:05:32 (300 turns).

Demosthentine the Blocker (Formicid Fighter)         Turns: 300, Time: 00:05:33

Health: -9/63      AC:  8    Str: 32    XL:     7   Next: 32%
Magic:  4/9        EV: 12    Int: 16    God:    Cheibriados [****..]
Gold:   61         SH:  8    Dex: 22    Spells: 6/6 levels left

rFire   . . .      SeeInvis +    a - +0 war axe (freeze)
rCold   . . .      Faith    .    c - +0 buckler
rNeg    . . .      Spirit   .    b - +0 scale mail
rPois   .          Reflect  .    (helmet unavailable)
rElec   .          Rampage  .    (no cloak)
rCorr   .                        (no gloves)
Will    .....                    (no boots) Stlth
                                 (no amulet)
HPRegen 0.30/turn                (no ring)
MPRegen 0.11/turn                (no ring)

@: mighty, very slow
A: permanent stasis, dig shafts and tunnels, antennae 3, four strong arms
a: Dig, Renounce Religion, Bend Time, Temporal Distortion, Slouch


You were in the Dungeon.
You worshipped Cheibriados.
Cheibriados was greatly pleased with you.
You visited 1 branch You collected 240 gold pieces.
You spent 179 gold pieces at shops.

Inventory:

Hand Weapons
 a - a +0 war axe of freezing (weapon)
Armour
 b - a +0 scale mail (worn)
 c - a +0 buckler (worn)
Wands
 i - a wand of acid (5)
 j - a wand of roots (5)
Scrolls
 h - 4 scrolls of blinking
 k - 3 scrolls of fog
Potions
 e - 6 potions of curing
 f - 2 potions of heal wounds
 g - 2 potions of magic
 l - 3 potions of haste {unknown}
 m - a potion of resistance


   Skills:
 + Level 8.6 Fighting
 + Level 6.5 Axes
 + Level 8.2 Armour
 + Level 3.0 Dodging
 + Level 10.4 Shields
 + Level 3.5 Invocations


You had 6 spell levels left.
You didn't know any spells.
Your spell library was empty.

Dungeon Overview and Level Annotations

Branches:
Dungeon (1/1)

Altars:
Cheibriados
Dithmenos
Fedhas
Gozag
Kikubaaqudgha
Makhleb
Okawaru
Qazlal
Ru
Sif Muna
Trog
Uskayaw
Vehumet
Wu Jian
Xom
Yredelemnul
Zin
The Shining One
Lugonu

Shops:
D *[??*?*:[((!!!!

Annotations:
D Blork the orc


Innate Abilities, Weirdness & Mutations

You cannot be hasted, slowed, berserked, paralysed or teleported.
You can dig through walls and to a lower floor.
You have a pair of large antennae on your head. (SInv)
Your four strong arms can wield two-handed weapons with a shield.


Message History

You hit the orc knight. You freeze the orc knight.
The orc knight is lightly wounded.
You slash the gnoll! You freeze the gnoll. You block the orc knight's attack.
The gnoll hits you with a +0 club.
You slash the gnoll! You freeze the gnoll.
You kill the gnoll!
Cheibriados appreciates the change of pace.
Cheibriados raises the support of your attributes as your movement slows.
You closely miss the orc knight.
The orc knight hits you with a +0 great mace!!
Unknown command.
Activating: Slouch (32% risk of failure)
Press: ? - help, Dir - look around, f - activate You can feel time thicken for a moment.
Cheibriados lowers the support of your attributes as your movement quickens.
The orc knight roars a battlecry!
Blork the orc goes into a battle-frenzy!
Blork the orc looks angry.
Blork the orc hits you with a +1 dire flail of protection!!
* * * LOW HITPOINT WARNING * * *
Unknown command.
You feel much better.
The orc knight hits you with a +0 great mace!
* * * LOW HITPOINT WARNING * * *
Blork the orc drinks a potion.
Blork the orc is healed!
You hit Blork the orc. You freeze Blork the orc.
Blork the orc is moderately wounded.
You hit the orc knight. You freeze the orc knight.
You block the orc knight's attack.
Blork the orc screams, "I'll eat your brain!
And then I'll vomit it back up!"
You block Blork the orc's attack.
The orc knight hits you with a +0 great mace!
* * * LOW HITPOINT WARNING * * *
Okay, then.
You feel much better. You block Blork the orc's attack.
The orc knight hits you with a +0 great mace!!
* * * LOW HITPOINT WARNING * * *
You feel very mighty all of a sudden.
Blork the orc hits you with a +1 dire flail of protection!
You die...

##.....## ##∩.....∩##
#∩.......∩# #_......._#
#_......._# #_......._#
###.........### #⌠[....o)....⌠#
######.8....o@...8.######
##._._......###......__.∩##
###∩........8.# #.8........∩###
#.............###.............##
⌠.).[......###...###..........⌠#
⌠..........# #.<.# #..........⌠#
⌠.....)....###...###..........⌠#
#.............###.............##
###∩.......†8.# #.8........∩###


You could see an orc knight and Blork the orc (strong).

Vanquished Creatures
  Sigmund (D)
  4 scorpions (D)
  An orc priest (D)
  Jessica (D)
  An adder (D)
  2 gnolls (D)
  A giant cockroach (D)
  A hobgoblin (D)
  A kobold (D)
13 creatures vanquished.

Notes
Turn   | Place    | Note
-------+----------+-------------------------------------------
     0 | D        | Demosthentine the Formicid Fighter began the quest for the
                  | Orb.
     0 | D        | Reached XP level 1. HP: 18/18 MP: 1/1
     1 | D        | Found an ancient bone altar of Kikubaaqudgha.
     1 | D        | Found a glowing silver altar of Zin.
     4 | D        | Found an opulent altar of Gozag.
     4 | D        | Found a burning altar of Makhleb.
     5 | D        | Found a hide-covered altar of Uskayaw.
     5 | D        | Round 1.
     6 | D        | Found a snail-covered altar of Cheibriados.
     6 | D        | Found a radiant altar of Vehumet.
     6 | D        | Noticed Sigmund
     7 | D        | Found a stormy altar of Qazlal.
     7 | D        | Found a blossoming altar of Fedhas.
     7 | D        | Found Gaessoqo's Magic Scroll Shop.
     7 | D        | Found Fapsuusk's Staff Store.
     8 | D        | Found Roni's Magic Scroll Shop.
     8 | D        | Found Jurefe Pint's Must-Have Magic.
    12 | D        | Killed Sigmund
    13 | D        | Reached skill level 8 in Shields
    13 | D        | Reached XP level 2. HP: 31/31 MP: 2/2
    13 | D        | Reached XP level 3. HP: 36/36 MP: 3/3
    13 | D        | Reached XP level 4. HP: 43/43 MP: 4/4
    13 | D        | Reached XP level 5. HP: 48/48 MP: 5/5
    13 | D        | Found Rurr's Jewellery.
    13 | D        | Found Wieroxy's Advanced Armour.
    28 | D        | Became a worshipper of Cheibriados the Contemplative
    30 | D        | Bought a scroll of brand weapon for 95 gold pieces
    47 | D        | Found an ornate altar of the Wu Jian Council.
    47 | D        | Found Surorphacu's Distillery.
    47 | D        | Found Iteahu's Distillery.
    48 | D        | Found Agowiem's Bottled Wisdom.
    49 | D        | Found a shimmering altar of Xom.
    49 | D        | Found an iron altar of Okawaru.
    49 | D        | Found Qofam's Do-It-Yourself Clinic.
    63 | D        | Found a corrupted altar of Lugonu.
    65 | D        | Found a basalt altar of Yredelemnul.
    65 | D        | Found a glowing golden altar of the Shining One.
    66 | D        | Found Beamedwi's Weapon Rack.
    67 | D        | Found Fotuinih's Basic Armour.
    67 | D        | Found Itsiyhiv's Miscellaneous Merchandise.
    74 | D        | Found Xameor Urchukh's Premium Goods.
    74 | D        | Found a bloodstained altar of Trog.
    74 | D        | Found a shimmering blue altar of Sif Muna.
    86 | D        | Found a shadowy altar of Dithmenos.
    91 | D        | Reached * piety under Cheibriados
    92 | D        | Found a sacrificial altar of Ru.
    92 | D        | Found Vul Foju's Identification Station.
   103 | D        | Noticed Jessica
   111 | D        | Killed Jessica
   111 | D        | Arena points: 14 (+14) [x2]
   112 | D        | Reached skill level 9 in Shields
   112 | D        | Reached XP level 6. HP: 39/55 MP: 6/6
   175 | D        | Round 2.
   186 | D        | Reached ** piety under Cheibriados
   197 | D        | Reached skill level 5 in Axes
   206 | D        | Reached *** piety under Cheibriados
   207 | D        | Reached skill level 1 in Dodging
   207 | D        | Reached skill level 1 in Invocations
   208 | D        | Reached skill level 10 in Shields
   208 | D        | Reached XP level 7. HP: 59/63 MP: 6/9
   229 | D        | Reached **** piety under Cheibriados
   244 | D        | Bought 4 potions of curing for 84 gold pieces
   247 | D        | Arena points: 26 (+12) [x1]
   256 | D        | Round 3.
   289 | D        | Noticed an orc knight
   291 | D        | Noticed Blork the orc
   300 | D        | Mangled by Blork the orc

Illustrated notes

Levels and vault maps discovered:
D:        arena_sprint

Skill      XL: |  1  2  3  4  5  6  7 |
---------------+----------------------+-----
Fighting       | 7 8 |  8.6
Axes           | 4 6 |  6.5
Armour         | 6 7 8 |  8.2
Shields        | 8 9 10 | 10.4
Dodging        | 2 3 |  3.0
Invocations    | 2 3 |  3.5

Action                     |  1- 3 |  4- 6 |  7- 9 || total
---------------------------+-------+-------+-------++-------
  Melee: War axe           |     4 |    34 |    19 ||    57
 Invoke: Slouch            |       |       |     1 ||     1
    Use: Scroll            |       |     1 |       ||     1
         Potion            |       |       |     3 ||     3
 Armour: Scale mail        |     1 |    11 |     8 ||    20
  Dodge: Dodged            |       |    16 |     7 ||    23
  Block: Buckler           |     2 |     8 |    13 ||    23

Table legend: (Time is in decaauts)
 A = Elapsed time spent in this place.
 B = Non-inter-level travel time spent in this place.
 C = Inter-level travel time spent in this place.
 D = Time resting spent in this place.
 E = Time spent auto-exploring this place.
 F = Levels seen in this place.
 G = Mean time per level.
                   A        B        C        D        E       F      G
               +--------+--------+--------+--------+--------+-----+--------+
         Total |    405 |    385 |     20 |      0 |     64 |   1 |  405.0 |
       Dungeon |    405 |    385 |     20 |      0 |     64 |   1 |  405.0 |
               +--------+--------+--------+--------+--------+-----+--------+

Top non-repeatable levels by time:
       D: 405 daAuts
